 Dungeon Crawl Stone Soup version 0.22-a0-558-gc2241811a9 (webtiles) character file.

88 Kholdaimon the Skirmisher (level 4, -1/49 HPs)
             Began as an Ogre Fighter on June 27, 2018.
             Slain by an adder (4 damage)
             ... on level 2 of the Dungeon.
             The game lasted 00:12:38 (2562 turns).

Kholdaimon the Skirmisher (Ogre Fighter)            Turns: 2562, Time: 00:12:39

Health: -1/49      AC:  3    Str: 20    XL:     4   Next: 53%
Magic:  4/4        EV:  8    Int: 10    God:
Gold:   90         SH:  8    Dex:  8    Spells: 3/3 levels left

rFire    . . .     SeeInvis .   a - +0 war axe
rCold    . . .     Gourm    .   c - +0 shield
rNeg     . . .     Faith    .   b - +0 robe
rPois    .         Spirit   .   (helmet restricted)
rElec    .         Reflect  .   (no cloak)
rCorr    .         Harm     .   (gloves unavailable)
MR       .....                  (boots unavailable)
Stlth    +.........             (no amulet)
HPRegen  0.16/turn              (no ring)
MPRegen  0.09/turn              (no ring)

@: lethally poisoned (-1 -> -5)
A: large, unfitting armour, tough skin 1
a: no special abilities


You were on level 2 of the Dungeon.
You were near starving.

You visited 1 branch of the dungeon, and saw 2 of its levels.

You collected 90 gold pieces.

Inventory:

Hand Weapons
 a - a +0 war axe (weapon)
 h - a +1 short sword of draining
 u - a +1 dagger of protection
 x - a +0 battleaxe
 y - a cursed -1 hunting sling
 z - a +2 glaive of protection
Missiles
 e - 92 stones (quivered)
 i - 6 poisoned needles
 l - 31 bolts
 n - 19 sling bullets
 q - 60 arrows
 v - 5 javelins
Armour
 b - a +0 robe (worn)
 c - a +0 shield (worn)
Jewellery
 r - a cursed amulet of inaccuracy {unknown}
 t - an uncursed amulet of regeneration {unknown}
Scrolls
 j - 4 scrolls of identify {unknown}
 k - a scroll of magic mapping {unknown}
 m - a scroll of enchant armour {unknown}
 o - 2 scrolls of remove curse {unknown}
 A - a scroll of teleportation {unknown}
Potions
 d - a potion of might
 g - 2 potions of curing {unknown}
 p - 3 potions of cancellation {unknown}
 s - a potion of invisibility {unknown}
 w - a potion of heal wounds {unknown}
Comestibles
 f - 2 rations
 B - 2 chunks of flesh


   Skills:
 + Level 4.5 Fighting
 * Level 3.1 Axes
 + Level 3.1 Dodging
 * Level 3.5 Shields


You had 3 spell levels left.
You didn't know any spells.
Your spell library was empty.

Dungeon Overview and Level Annotations

Branches:
Dungeon (2/15)

Altars:
Ashenzari
Cheibriados


Innate Abilities, Weirdness & Mutations

You are too large for most types of armour.
You have tough skin. (AC +1)


Message History

You miss the adder.
The adder is heavily wounded.
You feel sick. The adder closely misses you.
The adder bites you but does no damage.
You closely miss the adder.
The adder is heavily wounded.
You feel sick. The adder barely misses you. The adder bites you.
* * * LOW HITPOINT WARNING * * *
You closely miss the adder.
The adder is heavily wounded.
You block the adder's attack.
You closely miss the adder.
The adder is heavily wounded.
* * * LOW HITPOINT WARNING * * *
You feel sick. You block the adder's attack. x2
You hit the adder.
The adder is severely wounded.
* * * LOW HITPOINT WARNING * * *
You feel sick. The adder bites you.
You die...

........###≈≈≈≈≈..≈≈≈≈≈##
........##≈≈≈≈≈≈..≈≈≈≈≈≈#
.......##≈≈≈≈≈≈≈).≈≈≈≈≈≈≈
.......#≈≈≈≈≈≈≈≈..≈≈≈≈≈≈≈
.....#.#≈≈≈≈≈≈≈≈..≈≈≈≈≈≈≈
.....#.#≈≈≈≈≈≈≈⌠..⌠≈≈≈≈≈≈
.......#≈≈≈≈≈≈≈.##.≈≈≈≈≈≈
.....#.#≈≈≈≈≈≈≈.##.≈≈≈≈≈≈
.......#≈≈≈≈≈≈≈S@.⌠≈≈≈≈≈≈
.###[..#≈≈≈≈≈≈≈≈≈≈≈≈≈≈≈≈≈
.#.....#≈≈≈≈≈≈≈≈≈≈≈≈≈≈≈≈≈
.#.....##≈≈≈≈≈≈≈≈≈≈≈≈≈≈≈≈
.#..##.###≈≈≈≈≈≈≈≈≈≈≈≈≈≈ #
.#..##...##≈≈≈≈≈≈≈≈≈≈≈≈# #
..........##≈≈≈≈≈≈≈≈≈≈## #
..........###≈≈≈≈≈≈≈≈## ########
.....#.#..#.##############.......


You could see an adder.

Vanquished Creatures
  3 adders (D:2)
  An ooze (D:1)
  2 dart slugs
  3 leopard geckos (D:2)
  3 giant cockroaches
  6 hobgoblins
  A quokka (D:2)
  8 bats
  9 goblins
  8 kobolds
  8 rats
52 creatures vanquished.

Notes
Turn   | Place    | Note
-------+----------+-------------------------------------------
     0 | D:1      | Kholdaimon the Ogre Fighter began the quest for the Orb.
     0 | D:1      | Reached XP level 1. HP: 24/24 MP: 1/1
    96 | D:1      | Reached XP level 2. HP: 29/32 MP: 2/2
   473 | D:1      | Reached XP level 3. HP: 33/39 MP: 3/3
   839 | D:2      | Found a snail-covered altar of Cheibriados.
   839 | D:2      | Found a shattered altar of Ashenzari.
  1655 | D:2      | Reached XP level 4. HP: 19/49 MP: 4/4
  2562 | D:2      | Slain by an adder

Vault maps used:
D:1:      lemuel_arrival_cross, minmay_tall_x
D:2:      kennysheep_big_flooded_room, gammafunk_temple_overflow_statue,
          first_ration, dk_noncrumbling_4

Skill      XL: |  1  2  3  4 |
---------------+-------------+-----
Shields        | 3 |  3.5
Dodging        | 3 |  3.1
Axes           | 3 |  3.1
Fighting       | |  4.5

Action                   |  1- 3 |  4- 6 || total
-------------------------+-------+-------++-------
Melee: War axe           |   135 |    55 ||   190
  Eat: Chunk             |     2 |     2 ||     4
Armor: Robe              |    34 |    13 ||    47
Dodge: Dodged            |    50 |    28 ||    78
Block: Shield            |    78 |    28 ||   106

Table legend:
 A = Spawn XP
 B = Non-spawn XP
 C = Spawn XP percentage of total XP
 D = Spawn monster count
 E = Non-spawn monster count
 F = Spawn count percentage of total count
 G = Total turns spent on level
                    A         B        C        D         E        F      G
               +---------+---------+-------+---------+---------+-------+---------
         Total |       0 |     126 |   0.0 |       0 |      52 |   0.0 |  2562
               +---------+---------+-------+---------+---------+-------+---------
           D:1 |       0 |      36 |   0.0 |       0 |      20 |   0.0 |   720
           D:2 |       0 |      90 |   0.0 |       0 |      32 |   0.0 |  1842
               +---------+---------+-------+---------+---------+-------+---------
